 Dungeon Crawl Stone Soup version 0.18-a0-1229-ge9a1a01 (webtiles) character file.

18015 4thArraOfDagon the Cleaver (level 12, -3/106 HPs)
             Began as a Troll Arcane Marksman on Feb 4, 2016.
             Was a High Priest of Okawaru.
             Shot with an arrow by a centaur warrior (28 damage)
             ... on level 15 of the Dungeon.
             The game lasted 00:27:36 (4850 turns).

4thArraOfDagon the Cleaver (Troll Arcane Marksman)  Turns: 4850, Time: 00:27:36

Health: -3/106     AC: 15    Str: 23 (24) XL:     12   Next: 24%
Magic:  14/14      EV: 10    Int:  8 (9)  God:    Okawaru [*****.]
Gold:   559        SH:  0    Dex: 11      Spells: 3 memorised, 8 levels left

rFire  + + .     SeeInvis .       - Unarmed
rCold  + + .     Gourm    +     k - +2 robe {rC+ rF+}
rNeg   . . .     Faith    .     (no shield)
rPois  .         Spirit   .     (helmet restricted)
rElec  .         Dismiss  .     M - +2 cloak {+Inv}
rCorr  .         Reflect  .     (gloves unavailable)
SustAt .         Harm     .     (boots unavailable)
MR     .....                    (no amulet)
Stlth  +.........               (no ring)
                                (no ring)

@: about to teleport, slowed, very slow, not resistant to hostile enchantments,
very unstealthy
A: unfitting armour, claws 3, talons 1, iridescent scales 1, clumsy 1, cold
resistance 1, deterioration 1, fire resistance 1, fast metabolism 3, gourmand,
regeneration 2, robust 1, shaggy fur 1, strong 1, tough skin 2, MP-powered wands
a: Heroism, Finesse, Renounce Religion, Evoke Invisibility


You were on level 15 of the Dungeon.
You worshipped Okawaru.
Okawaru was extremely pleased with you.
You were full.

You visited 2 branches of the dungeon, and saw 17 of its levels.
You also visited: Sewer.

You collected 914 gold pieces.
You spent 355 gold pieces at shops.

Inventory:

Hand Weapons
 c - a +4 scimitar of flaming
 l - a +3 battleaxe
 y - a +0 executioner's axe
 G - a +0 blowgun
Missiles
 d - a throwing net (quivered)
 B - 22 poisoned needles
Armour
 k - a +2 robe of resistance (worn)
 M - a +2 cloak of invisibility (worn)
Wands
 e - a wand of lightning (6/15)
 m - a wand of polymorph (5/24)
 r - a wand of random effects (17/48)
 u - a wand of paralysis (9/24)
 z - a wand of enslavement (14/24)
 E - a wand of flame (19/48)
 P - a wand of iceblast (13/15)
Scrolls
 a - a scroll of brand weapon {unknown}
 g - 2 scrolls of teleportation
 j - a scroll of noise {unknown}
 n - 3 scrolls of remove curse
 o - 4 scrolls of identify
 s - a scroll of magic mapping {unknown}
 v - 2 scrolls of recharging {unknown}
 C - a scroll of holy word {unknown}
 I - a scroll of fog
 J - a scroll of vulnerability {unknown}
 Q - a scroll of acquirement {unknown}
Potions
 h - a potion of cure mutation
 i - 5 potions of flight
 t - a potion of resistance
 D - a potion of lignification
 F - 2 potions of cancellation
 H - a potion of brilliance
 O - a potion of berserk rage
 T - a potion of mutation {unknown}
 U - a potion of heal wounds
Books
 b - a book of Debilitation

   Spells                             Type                      Level
   a - Corona                         Hexes                        1
   b - Slow                           Hexes                        2
   c - Gell's Gravitas                Hexes/Translocation          3
   d - Inner Flame                    Hexes/Fire                   3
   e - Cause Fear                     Hexes                        4
   f - Leda's Liquefaction            Hexes/Earth                  4
 q - a book of the Dragon

   Spells                             Type                      Level
   a - Flame Tongue                   Conjuration/Fire             1
   b - Cause Fear                     Hexes                        4
   c - Bolt of Fire                   Conjuration/Fire             6
   d - Dragon Form                    Transmutation                7
   e - Dragon's Call                  Summoning                    9
 N - a book of Alchemy

   Spells                             Type                      Level
   a - Sublimation of Blood           Necromancy                   2
   b - Ignite Poison                  Fire/Transmutation/Poison    3
   c - Condensation Shield            Ice                          4
   d - Petrify                        Transmutation/Earth          4
   e - Alistair's Intoxication        Transmutation/Poison         5
   f - Irradiate                      Conjuration/Transmutation    5
Miscellaneous
 K - a box of beasts
 S - a crystal ball of energy
Comestibles
 f - 7 bread rations
 p - 4 fruits
 w - a slice of pizza
 x - 2 meat rations
 A - a royal jelly
 L - 6 beef jerkies
 V - 5 chunks of flesh


   Skills:
 - Level 0.7 Fighting
 * Level 11.9 Axes
 - Level 1.7 Throwing
 + Level 9.1 Armour
 - Level 1.5 Dodging
 - Level 7.4 Unarmed Combat
 - Level 1.0 Spellcasting
 - Level 2.0 Hexes
 - Level 5.1 Invocations


You had 8 spell levels left.
You knew the following spells:

 Your Spells              Type           Power        Failure   Level  Hunger
a - Corona                Hex            #......      21%         1    ##.....
b - Repel Missiles        Chrm/Air       #.....       69%         2    ###....
c - Swiftness             Chrm/Air       #.......     69%         2    ###....


Dungeon Overview and Level Annotations

Branches:
Dungeon (15/15)              Lair (0/8) D:9             Orc (2/2) D:10
    Elf (0/3) Orc:2
 Temple: D:4-7       Vaults: D:13-14     Depths: D:15

Altars:
Okawaru
Ru
Trog

Shops:
D:8 %[?   D:10 *

Annotations:
Orc:2 Gagarin's ghost, journeyman HEWz


Innate Abilities, Weirdness & Mutations

You are too large for most types of armour.
You have claws for hands.
Your metabolism is lightning-fast.
You like to eat raw meat.
You heal very quickly.
You are covered in fur (AC +1).
You have very tough skin (AC +2).
You have sharp toenails.
You are partially covered in iridescent scales (AC +4).
You are clumsy. (Dex -2)
Your flesh is cold resistant.
Your body sometimes deteriorates upon taking damage.
Your flesh is heat resistant.
You are robust (+10% HP).
Your muscles are strong. (Str +2)
You expend magic power (3 MP) to strengthen your wands.


Message History

Okay, then.
Read which item? (? for menu, Esc to quit)
As you read the scroll of teleportation, it crumbles to dust.
You feel strangely unstable.
The two-headed ogre shouts in stereo!
You hear a shout!
You hear some strange, mumbled words.
An orb of energy appears from out of thin air!
The orb of energy hits the two-headed ogre.
The orb of energy explodes!
The mystic blast hits you!
* * * LOW HITPOINT WARNING * * *
The two-headed ogre closely misses you. The two-headed ogre barely misses you.
An ogre comes into view. It is wielding a giant spiked club.
The ogre shouts! x2
Unknown command.
Unknown command.
A centaur warrior comes into view.
The centaur warrior shouts!
The centaur warrior wields a shortbow.
The centaur warrior shoots an arrow.
The arrow hits you!!
You die...

#....# #....# ..
#....# #....
#....#####
##....####.........
.9.................
...........)../..c.
#..........@.....#
#).......(.###...#
#..........# ..#
#........OO###...#
..................
..................
..........##O.....
.#####....# ......
#....# .O....


You could see a centaur warrior and 2 two-headed ogres.

Vanquished Creatures
  Frances (D:13)
  Maud (D:13)
  Erolcha (D:13)
  The ghost of Duffy the Archer, a journeyman HEHu of Trog (D:10)
  2 hill giants
  A griffon (D:13)
  An orc sorcerer (Orc:1)
  3 kobold demonologists (D:11)
  A fire drake (shapeshifter) (D:13)
  An efreet (D:13)
  A komodo dragon (D:11)
  A tengu conjurer (D:13)
  3 two-headed ogres
  2 trolls
  5 slime creatures
  2 wraiths (D:13)
  2 wyverns
  9 yaks
  2 hippogriffs
  3 vampire mosquitoes (D:15)
  A soldier ant (D:13)
  A water moccasin (D:11)
  An ice beast (D:6)
  A necrophage (D:8)
  4 sky beasts
  6 ogres
  8 orc warriors
  6 centaurs
  4 big kobolds
  A giant frog (D:13)
  2 wyvern zombies (D:7)
  A gnoll sergeant (D:9)
  A wyvern skeleton (D:9)
  2 scorpions
  12 wights
  4 crimson imps
  3 centaur zombies
  7 orc priests
  8 hounds
  2 giant frog skeletons
  A jelly (D:9)
  3 centaur skeletons
  2 iguanas (D:9)
  Natasha (D:2)
  11 orc wizards
  6 worker ants
  2 hound skeletons
  2 adders
  6 gnolls
  A shadow imp (D:13)
  A worm (D:3)
  2 giant geckos
  38 orcs
  A bat (D:2)
  2 giant cockroaches (D:2)
  4 goblins (D:2)
  9 jackals
  A ball python (D:4)
  A giant gecko skeleton (D:7)
  20 kobolds
  3 rats (Sewer)
235 creatures vanquished.

Notes
Turn   | Place    | Note
--------------------------------------------------------------
     0 | D:1      | 4thArraOfDagon the Troll Arcane Marksman began the quest for the Orb.
     0 | D:1      | Reached XP level 1. HP: 18/18 MP: 1/1
    54 | D:2      | Noticed Ijyb
    73 | D:2      | Reached skill level 1 in Unarmed Combat
    73 | D:2      | Reached XP level 2. HP: 26/26 MP: 2/2
    81 | D:2      | Reached XP level 3. HP: 19/32 MP: 3/3
   130 | D:2      | Noticed Natasha
   143 | D:2      | Reached skill level 3 in Unarmed Combat
   153 | D:2      | Killed Natasha
   158 | D:2      | Reached XP level 4. HP: 6/40 MP: 4/4
   176 | D:2      | Found an iron altar of Okawaru.
   187 | D:2      | Became a worshipper of Warmaster Okawaru
   355 | D:3      | Learned a level 2 spell: Repel Missiles
   358 | D:3      | Learned a level 2 spell: Swiftness
   384 | D:4      | Reached skill level 4 in Unarmed Combat
   403 | D:5      | Entered Level 5 of the Dungeon
   427 | D:5      | Reached XP level 5. HP: 40/46 MP: 5/5
   439 | D:5      | Reached skill level 5 in Unarmed Combat
   512 | D:5      | Found a glowing drain.
   516 | Sewer    | Entered a sewer
   614 | Sewer    | Found a white marble altar of Elyvilon.
   705 | D:6      | Reached XP level 6. HP: 48/54 MP: 6/6
   723 | D:6      | Reached skill level 6 in Unarmed Combat
   736 | D:6      | Noticed an ice beast
   749 | D:6      | Killed an ice beast
   749 | D:6      | Reached * piety under Okawaru
   749 | D:6      | Reached skill level 1 in Invocations
   780 | D:7      | Noticed a sky beast
   797 | D:7      | Reached skill level 1 in Armour
   801 | D:7      | Killed a sky beast
   801 | D:7      | Reached XP level 7. HP: 51/61 MP: 4/7
   806 | D:7      | Reached ** piety under Okawaru
   811 | D:7      | Gained mutation: Your body sometimes deteriorates upon taking damage. [mutagenic meat]
   812 | D:7      | Gained mutation: Your flesh is heat resistant. [mutagenic meat]
   813 | D:7      | Gained mutation: You are partially covered in iridescent scales (AC +4). [mutagenic meat]
   814 | D:7      | Gained mutation: Your muscles are strong. (Str +2) [mutagenic meat]
   815 | D:7      | Gained mutation: You are clumsy. (Dex -2) [mutagenic meat]
   949 | D:7      | Reached skill level 7 in Unarmed Combat
  1052 | D:8      | Found a sacrificial altar of Ru.
  1073 | D:8      | Found Yqokas's Magic Scroll Shoppe.
  1087 | D:8      | Bought a scroll of identify for 24 gold pieces
  1087 | D:8      | Bought a scroll of teleportation for 36 gold pieces
  1087 | D:8      | Bought a scroll of blinking for 90 gold pieces
  1087 | D:8      | Bought a scroll of random uselessness for 12 gold pieces
  1164 | D:8      | Found Luxim's Food Shoppe.
  1251 | D:8      | Found Dakamus's Antique Armour Shoppe.
  1315 | D:9      | Reached skill level 1 in Axes
  1320 | D:9      | Reached XP level 8. HP: 66/66 MP: 9/9
  1374 | D:9      | Reached *** piety under Okawaru
  1407 | D:9      | Found a staircase to the Lair.
  1493 | D:9      | Gained mutation: You expend magic power (3 MP) to strengthen your wands. [mutagenic meat]
  1494 | D:9      | Gained mutation: You evolve. [mutagenic meat]
  1495 | D:9      | Gained mutation: Your flesh is cold resistant. [mutagenic meat]
  1496 | D:9      | Gained mutation: You have sharp toenails. [mutagenic meat]
  1587 | D:9      | Found a bloodstained altar of Trog.
  1588 | D:9      | Noticed a troll
  1595 | D:9      | Killed a troll
  1595 | D:9      | Reached **** piety under Okawaru
  1658 | D:9      | Reached XP level 9. HP: 50/73 MP: 11/11
  1747 | D:10     | Entered Level 10 of the Dungeon
  1763 | D:10     | Reached skill level 5 in Axes
  1874 | D:10     | Found a staircase to the Orcish Mines.
  2019 | D:10     | HP: 1/73 [wight/enchanted battleaxe (6)]
  2028 | D:10     | Noticed Duffy's ghost (journeyman HEHu)
  2031 | Orc:1    | Entered Level 1 of the Orcish Mines
  2039 | Orc:1    | Noticed an orc sorcerer
  2053 | Orc:1    | HP: 1/75 [orc sorcerer/bolt of negative energy (20)]
  2056 | Orc:1    | Noticed a sun demon
  2059 | Orc:1    | Killed an orc sorcerer
  2059 | Orc:1    | Reached skill level 5 in Invocations
  2144 | Orc:2    | Entered Level 2 of the Orcish Mines
  2238 | Orc:2    | Reached skill level 5 in Armour
  2288 | Orc:2    | Found a staircase to the Elven Halls.
  2358 | Orc:2    | Noticed Gagarin's ghost (journeyman HEWz)
  2382 | Orc:2    | HP: 3/75 [orc wizard/puff of flame (2)]
  2384 | Orc:2    | HP: 1/75 [orc wizard/magic dart (2)]
  2391 | Orc:2    | HP: 2/75 [poisoned by Gagarin's ghost]
  2433 | Orc:2    | Found a bloodstained altar of Trog.
  2548 | Orc:2    | Reached XP level 10. HP: 21/83 MP: 12/12
  2600 | Orc:2    | Gained mutation: You are robust (+10% HP). [evolution]
  2600 | Orc:2    | Lost mutation: You evolve. [end of evolution]
  2619 | Orc:2    | Found a labyrinth entrance.
  2627 | Orc:2    | rotfl
  2867 | D:10     | Killed Duffy's ghost
  2867 | D:10     | Reached ***** piety under Okawaru
  2953 | D:11     | Noticed a hill giant
  2962 | D:11     | Killed a hill giant
  2962 | D:11     | Reached skill level 8 in Axes
  3219 | D:11     | Reached skill level 9 in Axes
  3239 | D:10     | Found Fokk's Assorted Antiques.
  3251 | D:10     | Bought a scroll labeled YSUARO BEUGEB for 28 gold pieces
  3251 | D:10     | Bought a scroll labeled ZEUFUX XUE for 28 gold pieces
  3251 | D:10     | Bought a scroll labeled MUOFULEAFO for 28 gold pieces
  3251 | D:10     | Bought a fizzy green potion for 25 gold pieces
  3251 | D:10     | Bought a scroll labeled GIDERCHESOT for 28 gold pieces
  3251 | D:10     | Bought a scroll of identify for 56 gold pieces
  3350 | D:11     | Noticed an orange demon
  3364 | D:11     | Noticed a sixfirhy
  3382 | D:11     | Reached XP level 11. HP: 97/97 MP: 10/13
  3470 | D:11     | Received a gift from Okawaru
  3632 | D:13     | Noticed Frances
  3655 | D:13     | Killed Frances
  3655 | D:13     | Reached skill level 10 in Axes
  3690 | D:13     | Noticed a seven-headed hydra
  3705 | D:13     | Noticed a hill giant
  3718 | D:13     | Killed a hill giant
  4240 | D:14     | Reached skill level 11 in Axes
  4284 | D:15     | Entered Level 15 of the Dungeon
  4284 | D:15     | Noticed a death knight
  4299 | D:14     | Noticed a skeletal warrior
  4299 | D:14     | Noticed a skeletal warrior
  4303 | D:14     | HP: 4/97 [death knight/halberd (9)]
  4380 | D:13     | Noticed a griffon
  4412 | D:13     | Killed a griffon
  4528 | D:13     | Received a gift from Okawaru
  4544 | D:13     | Noticed Erolcha
  4544 | D:13     | Noticed Maud
  4567 | D:13     | Killed Maud
  4567 | D:13     | Reached XP level 12. HP: 104/106 MP: 7/14
  4571 | D:13     | Killed Erolcha
  4813 | D:15     | Noticed an ogre mage
  4850 | D:15     | Noticed a centaur warrior
  4850 | D:15     | Shot with an arrow by a centaur warrior

Vault maps used:
D:1:      lightli_arrival_flooded_house, minmay_lizard_king
D:2:      ashenzari_altar_1, okawaru_ov_weapons_minmay, uniq_iyjb, uniq_natasha,
          uniq_robin
D:4:      black_bear_nest_1, cheibriados_altar_1, serial_undead,
          serial_undead_b, serial_undead_a, serial_undead_e, serial_undead_a,
          serial_undead_b, serial_undead_e, first_bread, grunt_ministairs_5,
          uniq_eustachio
D:5:      good_gods_temple_1, lightli_sewer_entry_pipes, uniq_prince_ribbit1
D:6:      temple_fountains, minmay_ogre_servants, uniq_blork_the_orc
D:8:      basic_altar, serial_shops, shop, shop, nicolae_shop_stone
D:9:      marbit_many_paths, old_standard_altar
D:10:     orc_0_dummy, serial_shops, shop, grunt_ogre_cave,
          minmay_misc_feat_cross, minmay_stone_trees_large, uniq_joseph
D:12:     serial_shops, nicolae_shop_behind_doors, tgw_fedhas
D:13:     david_vaults_4, uniq_frances, uniq_erolcha, uniq_maud
D:14:     cheibrodos_hippocracy, nicolae_dithmenos_through_a_glass_darkly
D:15:     grunt_enter_depths_magical_seal, lemuel_statue_altar
Orc:2:    st_orc_congregation, lab_entry_generic, basic_altar
Sewer:    sewer_kobolds

Action                   |  1- 3 |  4- 6 |  7- 9 | 10-12 || total
-------------------------+-------+-------+-------+-------++-------
Melee: Unarmed           |    36 |   115 |   318 |   442 ||   911
Throw: Throwing net      |     2 |     3 |     3 |    11 ||    19
       Large rock        |     2 |       |    13 |     2 ||    17
 Cast: Repel Missiles    |       |     1 |     1 |       ||     2
Invok: Heroism           |       |     1 |    15 |    23 ||    39
       Finesse           |       |       |       |     3 ||     3
  Use: Potion            |     3 |       |     4 |     2 ||     9
       Scroll            |       |       |    12 |     7 ||    19
 Stab: Held in net/web   |       |     1 |       |     5 ||     6
       Sleeping          |       |     1 |       |       ||     1
  Eat: Chunk             |     1 |    10 |    30 |    23 ||    64
